AoeStats
← BSV | Gabriel

Arabia

508535875Analyzed
1v1 RM · 9d ago on Sep 22, 2026· 29m 19s· 2 players
Game mode
Random Map
Map size
Tiny (2 player)
Population
200
Speed
Normal
Resources
Standard
Victory
Conquest
Starting age
Dark Age
Ending age
Imperial Age
RankedLock teamsTeams togetherTeam positionsShared explorationLock speedFull tech treeHidden civsTurbo modeCheats
Victory
Defeat
🇧🇷 Romans · Brazil
1248
+15
🇻🇪 Varangians · Venezuela
1228
-15
BSV | Gabriel
5:05 Loom
9:12 Feudal Age
12:25 Double-Bit Axe
13:34 Town Watch
15:13 Padded Archer Armor
16:26 Fletching
18:00 Wheelbarrow
22:06 Castle Age
20:27 Horse Collar
22:13 Scale Barding Armor
23:05 Bloodlines
25:33 Hand Cart
guilhermevw.eng
9:21 Feudal Age
9:22 Man-at-Arms
10:29 Double-Bit Axe
14:19 Scale Mail Armor
15:23 Gold Mining
17:20 Loom
21:08 Castle Age
20:59 Forging
23:15 Chain Mail Armor
23:57 Iron Casting
23:00 Long Swordsman
25:14 Squires
Connection lost

Rejoining the realm…

Still unreachable

The connection could not be restored.

Session expired

The server has moved on; the page needs a fresh start.